Description

I wanted to try this out myself so I published this guy's build order who is better than me who I found from reddit. Seems quite good vs Zerg I'm gonna try it out vs everything :)

Replay - 2023-11-19 - (T)Otter VS (Z)awS

Build Order

Get SALT Encoding   

  12  0:00  SCV  
  13  0:12  SCV  
  14  0:17  Supply Depot  
  14  0:24  SCV  
  15  0:31  Refinery  
  15  0:41  Barracks  
  15  0:45  SCV  
  16  0:57  Supply Depot  
  16  0:58  SCV  
  17  1:06  Refinery  
  17  1:10  SCV  
  18  1:22  SCV  
  19  1:32  Factory  
  19  1:35  SCV  
  20  1:41  Barracks Reactor  
  21  1:47  SCV  
  21  1:59  SCV  
  22  2:03  Factory  
  23  2:25  Cyclone x2  
  23  2:27  Barracks Reactor  
  27  2:36  Supply Depot  
  27  2:57  Cyclone  
  29  3:09  Cyclone  
  31  3:17  Supply Depot  
  31  3:23  Cyclone  
  33  3:41  Cyclone x2  
  37  3:47  Orbital Command  
  37  3:54  Cyclone  
  39  4:02  Cyclone  
  41  4:17  Supply Depot  
  41  4:24  Cyclone  
  55  5:30  Command Center  
Spawning Tool Build Advisor. Get it on Overwolf

Go to:

Details

  • Created by: LordyLord
  • Published on: Feb 15, 2024
  • Modified on: Feb 15, 2024
  • Patch: 5.0.11
  • Difficulty: Medium
Show
View Real Time Build Order
Export as new Build Order

Comments (1)

On Feb. 15, 2024, 12:46 a.m., LordyLord  said:

Create an account to comment!